 Dungeon Crawl Stone Soup version 0.21.1-1-g345015f (webtiles) character file.

1746 mike2R the Vandal (level 8, -3/51 HPs)
             Began as a Pale Draconian Wizard on Mar 29, 2018.
             Was a Believer of Hepliaklqana.
             Hit by a stone thrown by an orc warrior (10 damage)
             ... on level 8 of the Dungeon on Mar 30, 2018.
             The game lasted 01:04:59 (6852 turns).

mike2R the Vandal (Pale Draconian Wizard)           Turns: 6852, Time: 01:05:01

Health: -3/51      AC:  7    Str: 10    XL:     8   Next: 77%
Magic:  12/14      EV: 12    Int: 19    God:    Hepliaklqana [**....]
Gold:   357        SH:  0    Dex: 11    Spells: 2/15 levels left

rFire    . . .     SeeInvis .   b - +1 hunting sling (flame)
rCold    . . .     Gourm    .   (no shield)
rNeg     . . .     Faith    .   (armour unavailable)
rPois    .         Spirit   .   e - +1 hat
rElec    .         Reflect  .   F - scarf {repulsion}
rCorr    .         Harm     .   (no gloves)
MR       .....                  (no boots)
Stlth    ++........             (no amulet)
HPRegen  0.17/turn              (no ring)
MPRegen  0.14/turn              (no ring)

@: repel missiles
A: breathe steam, unfitting armour, reduced essence, cold-blooded, AC +6
a: Breathe Steam, Recall Ancestor, Ancestor Identity, Renounce Religion


You were on level 8 of the Dungeon.
You worshipped Hepliaklqana.
Hepliaklqana was pleased with you.
You were very hungry.

You visited 2 branches of the dungeon, and saw 9 of its levels.

You collected 357 gold pieces.

Inventory:

Hand Weapons
 a - a +2 short sword of electrocution
 b - a +1 hunting sling of flaming (weapon)
 w - a +0 great mace
 H - a +0 fustibalus
Missiles
 d - 247 stones (quivered)
 h - 6 exploding tomahawks
 A - 6 javelins of penetration
Armour
 e - a +1 hat (worn)
 k - a scarf of cloud immunity
 q - a +0 large shield
 F - a scarf of repulsion (worn)
Jewellery
 y - a +2 ring of intelligence {unknown}
Wands
 i - a wand of digging (13)
 G - a wand of acid (1)
Scrolls
 g - a scroll of amnesia
 o - 2 scrolls of enchant weapon
 s - 3 scrolls of fear
 u - 2 scrolls of identify
 z - 3 scrolls of remove curse
 B - 2 scrolls of teleportation
Potions
 f - 2 potions of haste
 l - 6 potions of curing
 m - 2 potions of berserk rage
 n - a potion of agility {unknown}
 p - 2 potions of mutation
 t - 3 potions of invisibility
 v - a potion of brilliance
 x - a potion of might {unknown}
 C - a potion of magic {unknown}
 D - a potion of resistance
 I - 2 potions of lignification
Books
 j - a book of Minor Magic

   Spells                             Type                      Level
   a - Magic Dart                     Conjuration                  1
   b - Blink                          Translocation                2
   c - Call Imp                       Summoning                    2
   d - Slow                           Hexes                        2
   e - Conjure Flame                  Conjuration/Fire             3
   f - Mephitic Cloud                 Conjuration/Poison/Air       3
Comestibles
 c - 9 rations


   Skills:
 + Level 7.9 Slings
 - Level 1.7 Dodging
 - Level 1.8 Stealth
 - Level 4.3 Spellcasting
 - Level 3.6 Conjurations
 - Level 1.8 Summonings
 - Level 1.2 Translocations
 - Level 3.6 Fire Magic
 - Level 1.8 Air Magic
 - Level 1.6 Poison Magic


You had 2 spell levels left.
You knew the following spells:

 Your Spells              Type           Power        Failure   Level  Hunger
a - Magic Dart            Conj           ###.         3%          1    None
b - Blink                 Tloc           N/A          12%         2    #......
c - Call Imp              Summ           ##......     10%         2    #......
d - Slow                  Hex            #.......     21%         2    #......
e - Mephitic Cloud        Conj/Pois/Air  ##......     16%         3    ###....
f - Conjure Flame         Conj/Fire      ###.....     9%          3    ###....


Dungeon Overview and Level Annotations

Branches:
Dungeon (8/15)             Temple (1/1) D:5
   Lair: D:8-11

Altars:
Cheibriados
Dithmenos
Fedhas
Gozag
Hepliaklqana
Kikubaaqudgha
Makhleb
Nemelex Xobeh
Okawaru
Qazlal
Ru
Sif Muna
Trog
Uskayaw
Vehumet
Wu Jian
Xom
Yredelemnul
Zin
The Shining One


Innate Abilities, Weirdness & Mutations

You can breathe blasts of scalding, opaque steam.
Your pale cyan-grey scales are hard. (AC +6)
You cannot fit into any form of body armour.
You are cold-blooded and may be slowed by cold attacks.
Your life essence is reduced to manifest your ancestor. (-10% HP)


Message History

an uncursed blowgun; 13 poisoned needles You start resting.
You are too injured to fight recklessly!
Firing (i - inventory. (,) - cycle):
d - 250 stones (quivered)
Press: ? - help, Shift-Dir - straight line, f - orc warrior
Aim: an orc warrior, wielding a glaive and wearing a plate armour You shoot a stone.
The stone hits the orc warrior but does no damage.
Firing (i - inventory. (,) - cycle):
d - 249 stones (quivered)
Press: ? - help, Shift-Dir - straight line, f/p - orc warrior
Aim: an orc warrior, wielding a glaive and wearing a plate armour You shoot a stone.
The stone barely misses the orc warrior.
Firing (i - inventory. (,) - cycle):
d - 248 stones (quivered)
Press: ? - help, Shift-Dir - straight line, f/p - orc warrior
Aim: an orc warrior, wielding a glaive and wearing a plate armour You shoot a stone.
The stone barely misses the orc warrior.
The orc warrior throws a stone.
The stone hits you!
You die...

.. o.. .. #.##.## .#
.....# .# #..##### .# ≈.
###.o....###.##.## ≈..
#....[...#.......# #
≈.###..###.....#######.#
≈.##..##.##....#R......#
≈.##......#....#@####..#
≈.##).##.##..()#.# ....#
≈..#(..###....(#§# .####
(o((....(.....((o# .#
≈5#######.....#### .#
.(..# #.....# .. .5..#
#.....# ## ≈...###
####.## .(..#<# ##.#..#


You could see the friendly Bolek the hexer and an orc warrior.

Vanquished Creatures
  A wyvern (D:7)
  A water moccasin (D:6)
  A phantom (D:8)
  3 ogres
  2 centaurs
  A crocodile (D:7)
  A big kobold (D:8)
  A bullfrog (D:6)
  An electric eel (D:8)
  A jelly (D:7)
  2 hounds
  A bullfrog skeleton (D:6)
  A centaur skeleton (D:8)
  An iguana (D:5)
  An orc wizard (D:8)
  3 worker ants
  6 gnolls (D:4)
  2 adders (D:5)
  A shadow imp (D:6)
  2 white imps (D:8)
  2 adder zombies
  A worm (D:3)
  3 leopard geckos
  5 orcs
  3 ball pythons
  3 giant cockroaches
  6 hobgoblins
  5 jackals
  4 quokkas
  4 bats
  3 frilled lizards
  6 goblins
  A jackal skeleton (D:7)
  13 kobolds
  A leopard gecko skeleton (D:4)
  2 rats
95 creatures vanquished.

Vanquished Creatures (collateral kills)
  A centaur (D:7)
  A phantom (D:8)
  An ogre (D:4)
  2 hounds
  An orc wizard (D:3)
  A worker ant (D:5)
  3 gnolls (D:4)
  2 adders
  An ooze (D:2)
  A worm (D:3)
  An orc (D:3)
  A ball python (D:2)
  2 giant cockroaches
  A goblin (D:2)
  A frilled lizard (D:2)
  A kobold (D:8)
21 creatures vanquished.

Vanquished Creatures (others)
  3 hexers
  4 ancestors
7 creatures vanquished.

Grand Total: 123 creatures vanquished

Notes
Turn   | Place    | Note
-------+----------+-------------------------------------------
     0 | D:1      | mike2R the Draconian Wizard began the quest for the Orb.
     0 | D:1      | Reached XP level 1. HP: 14/14 MP: 4/4
   284 | D:1      | Reached XP level 2. HP: 20/20 MP: 0/6
   627 | D:1      | Learned a level 2 spell: Blink
   630 | D:1      | Learned a level 2 spell: Call Imp
   633 | D:1      | Learned a level 2 spell: Slow
   967 | D:2      | Reached XP level 3. HP: 26/26 MP: 5/7
  1211 | D:2      | Found an ancient bone altar of Kikubaaqudgha.
  1258 | D:2      | Found a burning altar of Makhleb.
  1258 | D:2      | Noticed a blizzard demon
  1261 | D:2      | Noticed a hellwing
  1261 | D:2      | Noticed a neqoxec
  1357 | D:2      | Found a sparkling altar of Nemelex Xobeh.
  1522 | D:3      | Found a blossoming altar of Fedhas.
  1934 | D:3      | Found a bloodstained altar of Trog.
  1934 | D:3      | Found a snail-covered altar of Cheibriados.
  2055 | D:3      | Reached XP level 4. HP: 24/33 MP: 2/8
  2139 | D:3      | Found a stormy altar of Qazlal.
  2363 | D:3      | Found a shimmering altar of Xom.
  2364 | D:3      | Found a hazy altar of Hepliaklqana.
  2364 | D:3      | Noticed a wyvern
  2365 | D:3      | Noticed a spectral ugly thing
  2365 | D:3      | Noticed a wyvern
  2368 | D:3      | Became a worshipper of Hepliaklqana the Forgotten
  2539 | D:4      | Noticed an ogre
  2552 | D:4      | Killed an ogre
  2552 | D:4      | Reached XP level 5. HP: 25/34 MP: 2/10
  2557 | D:4      | Learned a level 3 spell: Mephitic Cloud
  2728 | D:4      | Noticed an ogre
  2739 | D:4      | Killed an ogre
  2739 | D:4      | Reached skill level 1 in Air Magic
  2739 | D:4      | Reached skill level 1 in Poison Magic
  2813 | D:4      | Reached * piety under Hepliaklqana
  2836 | D:4      | Reached XP level 6. HP: 17/40 MP: 8/12
  2902 | D:4      | Learned a level 3 spell: Conjure Flame
  3544 | D:5      | Entered Level 5 of the Dungeon
  3583 | D:5      | Reached skill level 1 in Fire Magic
  3710 | D:5      | Found a staircase to the Ecumenical Temple.
  3718 | Temple   | Entered the Ecumenical Temple
  3885 | D:5      | Found a deep blue altar of Sif Muna.
  4530 | D:6      | Reached skill level 1 in Slings
  4631 | D:6      | Noticed a water moccasin
  4646 | D:6      | Killed a water moccasin
  4646 | D:6      | Reached skill level 2 in Slings
  4646 | D:6      | Your scales start taking on a pale cyan-grey colour.
  4646 | D:6      | Reached XP level 7. HP: 45/45 MP: 13/13
  4684 | D:6      | Reached skill level 3 in Slings
  4761 | D:6      | Reached skill level 4 in Slings
  4762 | D:6      | Reached ** piety under Hepliaklqana
  4763 | D:6      | Remembered your ancestor Bolek as a hexer
  5103 | D:7      | Noticed a wyvern
  5115 | D:7      | Killed a wyvern
  5115 | D:7      | Reached skill level 5 in Slings
  5115 | D:7      | Reached XP level 8. HP: 20/51 MP: 14/14
  5667 | D:7      | Found a hide-covered altar of Uskayaw.
  5673 | D:7      | Reached skill level 6 in Slings
  6224 | D:8      | Reached skill level 7 in Slings
  6852 | D:8      | Hit by a stone thrown by an orc warrior

Skill      XL: |  1  2  3  4  5  6  7  8 |
---------------+-------------------------+-----
Conjurations   | 2 3 |  3.6
Spellcasting   | 4 |  4.3
Air Magic      | 1 |  1.8
Poison Magic   | 1 |  1.6
Fire Magic     | 3 |  3.6
Slings         | 2 5 7 |  7.9
Dodging        | |  1.7
Stealth        | |  1.8
Summonings     | |  1.8
Translocations | |  1.2

Action                   |  1- 3 |  4- 6 |  7- 9 || total
-------------------------+-------+-------+-------++-------
Melee: Short sword       |    52 |    51 |    51 ||   154
       Tailslap          |     5 |     4 |     1 ||    10
 Fire: Hunting sling     |    58 |    47 |    44 ||   149
       Fustibalus        |       |     7 |    17 ||    24
Throw: Stone             |     1 |       |       ||     1
       Javelin           |       |       |     2 ||     2
 Cast: Magic Dart        |    29 |    20 |       ||    49
       Call Imp          |    13 |     8 |       ||    21
       Blink             |     3 |       |       ||     3
       Slow              |     1 |     2 |     1 ||     4
       Mephitic Cloud    |       |     1 |     3 ||     4
       Conjure Flame     |       |     2 |     2 ||     4
Invok: Ancestor Identity |       |     1 |       ||     1
       Recall Ancestor   |       |     1 |       ||     1
       Ancestor Life: He |       |       |     1 ||     1
Evoke: Wand              |       |       |     8 ||     8
  Use: Scroll            |     8 |     7 |     4 ||    19
       Potion            |       |     1 |       ||     1
 Stab: Paralysed         |       |       |     6 ||     6
  Eat: Chunk             |     3 |     7 |     6 ||    16
       Ration            |       |     2 |       ||     2
Armor: Skin              |    13 |    19 |    17 ||    49
Dodge: Dodged            |    35 |    40 |    40 ||   115
       Deflected         |       |       |    10 ||    10
